 Dungeon Crawl Stone Soup version 0.29.0-4-gdea44cf6ec (webtiles) character file.

Game seed: 14735837728769707522

54 qw the Chopper (level 3, -3/21 HPs)
             Began as a Tengu Warper on Aug 28, 2022.
             Slain by Terence
             ... wielding a +5 falchion of holy wrath
              (6 damage)
             ... on level 2 of the Dungeon.
             The game lasted 00:00:10 (1724 turns).

qw the Chopper (Tengu Warper)                       Turns: 1724, Time: 00:00:11

Health: -3/21      AC:  5    Str: 13    XL:     3   Next: 91%
Magic:  7/7        EV: 11    Int: 13    God:
Gold:   60         SH:  0    Dex: 13    Spells: 6/6 levels left

rFire   . . .      SeeInvis .   Y - +0 hand axe
rCold   . . .      Faith    .   (no shield)
rNeg    . . .      Spirit   .   m - +0 ring mail
rPois   .          Reflect  .   (helmet restricted)
rElec   .          Harm     .   (no cloak)
rCorr   .          Rampage  .   (no gloves)
Will    .....                   (boots unavailable)
Stlth   +.........              (no amulet)
HPRegen 0.07/turn               (no ring)
MPRegen 0.10/turn               (no ring)

@: about to teleport
A: beak, talons 3
a: no special abilities


You were on level 2 of the Dungeon.
You visited 1 branch of the dungeon, and saw 2 of its levels.

You collected 60 gold pieces.


Innate Abilities, Weirdness & Mutations

You have a beak for a mouth.
You have claws for feet.


   Skills:
 - Level 2.0 Fighting
 + Level 4.5 Axes
 - Level 1.0 Throwing
 - Level 1.1 Armour
 - Level 2.1 Dodging
 - Level 2.0 Spellcasting
 - Level 2.4 Translocations


You had 6 spell levels left.
You didn't know any spells.
Your spell library contained the following spells:

 Spells                   Type           Power      Damage    Failure   Level
 Blink                    Tloc           14%        N/A       30%         2
 Gell's Gravitas          Tloc           7%         N/A       52%         3
 Lesser Beckoning         Tloc           7%         N/A       52%         3
 Teleport Other           Tloc           7%         N/A       52%         3
 Manifold Assault         Tloc           7%         N/A       99%         5

Inventory:

Hand Weapons
 e - a +0 mace
 Y - a +0 hand axe (weapon)
Armour
 j - a +0 cloak
 l - a +0 chain mail
 m - a +0 ring mail (worn)
Jewellery
 f - an amulet of guardian spirit
Scrolls
 c - 3 scrolls of enchant armour {unknown}
 i - 2 scrolls of identify
Potions
 a - a potion of flight {unknown}
 d - 2 potions of haste {unknown}
 g - a potion of degeneration {unknown}
 h - a potion of might
 k - a potion of curing {unknown}

Dungeon Overview and Level Annotations

Branches:
Dungeon (2/15)

Altars:

Annotations:
D:2 Terence


Message History

You hit the dart slug but do no damage. You claw the dart slug.
The dart slug is lightly wounded.
The dart slug bites you but does no damage.
You hit the dart slug.
The dart slug is lightly wounded.
You barely miss the dart slug. You claw the dart slug.
The dart slug is heavily wounded.
The dart slug bites you but does no damage.
You hit the dart slug.
You kill the dart slug!
You start resting.
HP restored.
i - 2 scrolls of identify (gained 1)
l - a +0 chain mail Terence the Incautious comes into view.
He is wielding a +5 falchion of holy wrath.
Terence shouts!
You hear an angry hiss.
A ball python comes into view.
Terence shouts, "Now you die!"
You hit Terence. You claw Terence, but do no damage.
Terence is lightly wounded.
Terence hits you with a +5 falchion of holy wrath!
Ouch! That really hurt!
You hit Terence but do no damage. Your kick misses Terence.
Your peck misses Terence.
Terence is lightly wounded.
The ball python bites you but does no damage.
The ball python grabs you. The ball python constricts you.
Terence closely misses you.
You hit the ball python.
You kill the ball python!
You barely miss Terence. Terence barely misses you.
You closely miss Terence.
Terence is lightly wounded.
Terence hits you with a +5 falchion of holy wrath.
1724 ||| READING scroll of teleportation.
As you read the scroll of teleportation, it crumbles to dust.
You feel strangely unstable.
Terence hits you with a +5 falchion of holy wrath.
You die...

.# ##### .... . #...# ##......
#...# ###........ #...#
#...#....P~ #...# ##.........~
##...########...##..$~~~~
.....+..........@..~~~~~~
##...#######..#.@~~.~~~~~
#...........##...P~~~~~### ###
#..).....####...~~~~~~...## #..
#........# ..~~~~~~~~P...# ##.
#........# ..~.~~~P~......#####.
###......#...~.P~~~P....#.#.#.#.
#........#..~P~~~~P~..#.#.#.#.#.
#.#......+...~~~~~~...#.#.#.#.#.


You could see Terence.

Vanquished Creatures
  An adder (D:2)
  3 dart slugs
  3 endoplasms
  A giant cockroach (D:1)
  3 goblins (D:1)
  3 hobgoblins (D:1)
  5 jackals
  A quokka (D:1)
  3 ball pythons
  4 bats
  3 frilled lizards
  7 kobolds (D:1)
  3 rats
40 creatures vanquished.

Vanquished Creatures (others)
  A plant (D:2)
1 creature vanquished.

Grand Total: 41 creatures vanquished

Notes
Turn   | Place    | Note
-------+----------+-------------------------------------------
     0 | D:1      | qw the Tengu Warper began the quest for the Orb.
     0 | D:1      | Reached XP level 1. HP: 12/12 MP: 4/4
     0 | D:1      | 0 ||| qw: Version: 0.1-a-89-g26bdef1
     0 | D:1      | 0 ||| qw: Game counter: 2420
     0 | D:1      | 0 ||| qw: Always use a shield: true
     0 | D:1      | 0 ||| qw: God list: Okawaru
     0 | D:1      | 0 ||| qw: Allow faded altars: false
     0 | D:1      | 0 ||| qw: Do Orc after D:15 true
     0 | D:1      | 0 ||| qw: Do second Lair branch before Depths: true
     0 | D:1      | 0 ||| qw: Lair rune preference: random
     0 | D:1      | 0 ||| qw: Plans: Normal
     0 | D:1      | 0 ||| PLANNING D:1-11
   164 | D:1      | Reached XP level 2. HP: 13/17 MP: 6/6
   259 | D:1      | Reached skill level 3 in Axes
   388 | D:1      | 388 ||| Stepping ~*~*~tactically~*~*~ (stealth).
   391 | D:1      | 391 ||| Stepping ~*~*~tactically~*~*~ (stealth).
   434 | D:1      | 434 ||| Stepping ~*~*~tactically~*~*~ (stealth).
   436 | D:1      | 436 ||| Stepping ~*~*~tactically~*~*~ (stealth).
   438 | D:1      | 438 ||| Stepping ~*~*~tactically~*~*~ (stealth).
   499 | D:1      | 499 ||| Stepping ~*~*~tactically~*~*~ (stealth).
   548 | D:1      | 548 ||| Stepping ~*~*~tactically~*~*~ (stealth).
   550 | D:1      | 550 ||| Stepping ~*~*~tactically~*~*~ (stealth).
   558 | D:1      | 558 ||| Stepping ~*~*~tactically~*~*~ (stealth).
   613 | D:1      | 613 ||| Stepping ~*~*~tactically~*~*~ (stealth).
   614 | D:1      | 614 ||| Stepping ~*~*~tactically~*~*~ (stealth).
   615 | D:1      | 615 ||| Stepping ~*~*~tactically~*~*~ (stealth).
   668 | D:1      | 668 ||| Stepping ~*~*~tactically~*~*~ (stealth).
   677 | D:1      | 677 ||| Stepping ~*~*~tactically~*~*~ (stealth).
   784 | D:1      | Reached XP level 3. HP: 18/21 MP: 7/7
  1071 | D:1      | 1071 ||| Stepping ~*~*~tactically~*~*~ (stealth).
  1185 | D:1      | 1185 ||| UPGRADING to +0 ring mail.
  1195 | D:1      | 1195 ||| DROPPING +0 leather armour.
  1196 | D:1      | 1196 ||| READING scroll labelled RURIZA QITUU.
  1197 | D:1      | 1197 ||| READING scroll labelled PAMEW NIKHAK.
  1198 | D:1      | 1198 ||| READING 2 scrolls labelled LECAAZ AMURAST.
  1199 | D:1      | 1199 ||| READING 2 scrolls labelled QEUDDIX MEOMARPH.
  1200 | D:1      | 1200 ||| READING scroll labelled MOEQUTHETY.
  1204 | D:1      | 1204 ||| DRINKING 2 inky potions.
  1205 | D:1      | 1205 ||| DRINKING 2 viscous dark potions.
  1206 | D:1      | 1206 ||| DROPPING scroll of blinking.
  1207 | D:1      | 1207 ||| DROPPING scroll of amnesia.
  1208 | D:1      | 1208 ||| DROPPING potion of brilliance.
  1354 | D:2      | Reached skill level 4 in Axes
  1521 | D:2      | 1521 ||| Stepping ~*~*~tactically~*~*~ (stealth).
  1523 | D:2      | 1523 ||| Stepping ~*~*~tactically~*~*~ (stealth).
  1717 | D:2      | Noticed Terence
  1723 | D:2      | HP: 3/21 [Terence/+5 falchion of holy wrath (6)]
  1724 | D:2      | 1724 ||| READING scroll of teleportation.
  1724 | D:2      | Slain by Terence

Levels and vault maps discovered:
D:1:      dpeg_arrival_rooms_a, layout_loops_ring,
          chequers_serial_rivers_micro_e, minmay_hexomino_c4
D:2:      layout_basic, serial_shops, nicolae_shop_window_shopping,
          chequers_big_river, uniq_terence

Skill      XL: |  1  2  3 |
---------------+----------+-----
Axes           | 3 4 |  4.5
Fighting       | |  2.0
Throwing       | |  1.0
Armour         | |  1.1
Dodging        | |  2.1
Spellcasting   | |  2.0
Translocations | |  2.4

Action                   || total
-------------------------++-------
Melee: Hand axe          ||    81
       Kick              ||    17
       Peck              ||    12
Throw: Boomerang         ||     7
  Use: Scroll            ||     6
       Potion            ||     2
Armor: Leather armour    ||    11
       Ring mail         ||     8
Dodge: Dodged            ||    34

Table legend:
 A = Non-vault XP
 B = Vault XP
 C = Vault XP percentage of total XP
 D = Non-vault monster count
 E = Vault monster count
 F = Vault count percentage of total count
                 A         B        C        D         E       F
            +---------+---------+-------+---------+---------+-------
      Total |      68 |      10 |  12.8 |      33 |       7 |  17.5
            +---------+---------+-------+---------+---------+-------
        D:1 |      30 |      10 |  25.0 |      18 |       7 |  28.0
        D:2 |      38 |       0 |   0.0 |      15 |       0 |   0.0
            +---------+---------+-------+---------+---------+-------
